 Dungeon Crawl Stone Soup version 0.25.1-2-g60ff931df9 (webtiles) character file.

Game seed: 14103240800089309350

62168 KyoPewz the Stormcaller (level 15, -8/90 HPs)
             Began as a Tengu Air Elementalist on Oct 2, 2020.
             Was a High Priest of Vehumet.
             Mangled by an iron troll (19 damage)
             ... on level 1 of the Orcish Mines on Oct 3, 2020.
             The game lasted 02:31:40 (33523 turns).

KyoPewz the Stormcaller (Tengu Air Elementalist)   Turns: 33523, Time: 02:31:41

Health: -8/90      AC:  7    Str: 11    XL:     15   Next: 5%
Magic:  25/31      EV: 27    Int: 17    God:    Vehumet [*****.]
Gold:   2575       SH: 12    Dex: 25    Spells: 7/36 levels left

rFire    + . .     SeeInvis .   a - +2 rapier (protect)
rCold    + . .     Gourm    .   s - +0 kite shield of the Camelopard {rF+ Regen+}
rNeg     . . .     Faith    .   Q - +0 troll leather armour
rPois    .         Spirit   .   b - +1 hat {MR+}
rElec    .         Reflect  .   w - +0 cloak {rC+}
rCorr    .         Harm     .   (no gloves)
MR       ++...     Clarity  +   (boots unavailable)
Stlth    ++........             (no amulet)
HPRegen  1.05/turn              H - ring of wizardry
MPRegen  0.22/turn              U - +6 ring of dexterity

@: flying quickly and evasively, quick
A: beak, talons 3, repulsion field 1, agile 1, clarity, deterioration 1, able to
fly
a: Stop Flying, Renounce Religion


You were on level 1 of the Orcish Mines.
You worshipped Vehumet.
Vehumet was extremely pleased with you.
You were not hungry.

You visited 4 branches of the dungeon, and saw 20 of its levels.
You also visited: Bailey and Ice Cave.

You collected 2575 gold pieces.

Inventory:

Hand Weapons
 a - a +2 rapier of protection (weapon)
   (You found it on level 5 of the Dungeon)
 J - a +0 quarterstaff
   (You found it on level 7 of the Dungeon)
Missiles
 M - 9 throwing nets (quivered) {!f}
Armour
 b - a +1 hat of magic resistance (worn)
   (You took it off Gastronok on level 1 of the Orcish Mines)
 f - a +1 cloak
   (You found it on level 4 of the Dungeon)
 i - a +2 robe of cold resistance
   (You took it off a necromancer in an ice cave)
 s - the +0 kite shield of the Camelopard (worn) {rF+ Regen+}
   (You found it in a bailey)

   It protects you from fire.
   It increases your rate of regeneration.
 w - a +0 cloak of cold resistance (worn)
   (You found it in an ice cave)
 D - a +2 leather armour of fire resistance
   (You took it off an orc on level 6 of the Dungeon)
 Q - a +0 troll leather armour (worn)
   (You found it on level 10 of the Dungeon)
Magical Staves
 u - an uncursed staff of cold {unknown}
   (You found it in an ice cave)
Jewellery
 z - an uncursed ring of positive energy
   (You found it on level 5 of the Dungeon)
 H - a ring of wizardry (left hand)
   (You took it off an orc wizard on level 6 of the Dungeon)
 I - an uncursed ring of wizardry
   (You found it on level 7 of the Dungeon)
 U - a +6 ring of dexterity (right hand)
   (You found it on level 1 of the Lair of Beasts)
Wands
 d - a wand of iceblast (41)
   (You found it on level 2 of the Lair of Beasts)
 r - a wand of clouds (4)
   (You found it on level 6 of the Dungeon)
 t - a wand of flame (34)
   (You found it on level 9 of the Dungeon)
 x - a wand of acid (29)
   (You found it on level 11 of the Dungeon)
Scrolls
 k - a scroll of magic mapping {unknown}
 m - 10 scrolls of teleportation {@r4}
 n - a scroll of torment {unknown}
 p - 3 scrolls of vulnerability {!r}
 y - a scroll of fear
 A - 5 scrolls of immolation {!r}
 B - 3 scrolls of enchant armour
 F - 6 scrolls of amnesia
 O - 6 scrolls of remove curse {@r2}
 P - a scroll of enchant weapon {unknown}
 R - a scroll of silence {unknown}
 W - a scroll of fog
Potions
 g - a potion of mutation {!q}
 h - 3 potions of ambrosia
 j - 2 potions of might
 l - 6 potions of haste {@q3}
 o - a potion of invisibility {unknown}
 q - a potion of heal wounds {@q2}
 v - 6 potions of curing {@q1}
 E - 4 potions of magic
 G - 3 potions of resistance
 L - 2 potions of brilliance
 X - a potion of degeneration {unknown}
 Z - 4 potions of lignification {!q}
Miscellaneous
 Y - a phial of floods
   (You found it on level 2 of the Lair of Beasts)
Comestibles
 e - 19 rations {!d}


   Skills:
 - Level 9.0 Fighting
 - Level 7.9 Armour
 - Level 10.3 Dodging
 - Level 2.0 Stealth
 * Level 11.1 Shields
 - Level 11.0 Spellcasting
 - Level 12.0 Conjurations
 + Level 0.0 Fire Magic
 - Level 15.0 Air Magic


You had 7 spell levels left.
You knew the following spells:

 Your Spells              Type           Power        Failure   Level  Hunger
a - Shock                 Conj/Air       ####         1%          1    None
b - Airstrike             Air            ######....   1%          4    ###....
c - Lightning Bolt        Conj/Air       ######....   1%          5    #####..
d - Static Discharge      Conj/Air       ######..     1%          3    None
e - Magic Dart            Conj           ####         1%          1    None
f - Freezing Cloud        Conj/Ice/Air   #####.....   7%          6    ######.
x - Fireball              Conj/Fire      ####......   4%          5    #####..
z - Summon Lightning Spi  Summ/Air       ####....     2%          4    ###....

Your spell library contained the following spells:

 Spells                   Type           Power        Failure   Level  Hunger
 Freeze                   Ice            #...         1%          1    None
 Searing Ray              Conj           ######       1%          2    None
 Swiftness                Chrm/Air       ####....     1%          2    None
 Dazzling Flash           Conj/Hex       ####..       1%          3    None
 Fulminant Prism          Conj/Hex       ####......   1%          4    ###....
 Hailstorm                Conj/Ice       ####....     1%          4    ###....
 Iskenderun's Mystic Bla  Conj/Tloc      ####....     1%          4    ###....
 Frozen Ramparts          Ice            #.....       5%          3    None
 Ignite Poison            Fire/Tmut/Pois #.......     5%          3    None
 Beastly Appendage        Tmut           #.....       6%          1    None
 Summon Small Mammal      Summ           #...         6%          1    None
 Call Imp                 Summ           #.......     10%         2    None
 Shroud of Golubria       Chrm/Tloc      #.....       10%         2    None
 Sticks to Snakes         Tmut           #.......     10%         2    None
 Olgreb's Toxic Radiance  Pois           #.......     16%         4    ###....
 Call Canine Familiar     Summ           #.......     19%         3    None
 Ozocubu's Armour         Chrm/Ice       #.......     19%         3    None
 Spider Form              Tmut/Pois      #.........   19%         3    None
 Summon Guardian Golem    Hex/Summ       #.......     19%         3    None
 Ice Form                 Ice/Tmut       #.......     50%         4    ###....
 Summon Ice Beast         Ice/Summ       #.......     50%         4    ###....
 Blade Hands              Tmut           #.........   83%         5    #####..
 Metabolic Englaciation   Hex/Ice        #.........   83%         5    #####..
 Eringya's Noxious Bog    Tmut/Pois      #.........   100%        6    ######.
 Simulacrum               Ice/Necr       #.........   100%        6    ######.


Dungeon Overview and Level Annotations

Branches:
Dungeon (11/15)            Temple (1/1) D:4            Lair (6/6) D:11
  Swamp (0/4) Lair:3        Snake (0/4) Lair:4        Slime (0/5) Lair:5
    Orc (2/2) D:9             Elf (0/3) Orc:2        Bailey (visited)
  IceCv (visited)

Altars:
Ashenzari
Cheibriados
Dithmenos
Elyvilon
Fedhas
Gozag
Hepliaklqana
Kikubaaqudgha
Makhleb
Nemelex Xobeh
Okawaru
Qazlal
Ru
Sif Muna
Trog
Uskayaw
Vehumet
Wu Jian
Xom
Yredelemnul
Zin
The Shining One
Beogh
Jiyva

Shops:
Orc:1 (   Orc:2 }%*

Annotations:
D:9 exclusion: 2 downstairs
D:10 2 transporters


Innate Abilities, Weirdness & Mutations

You have a beak for a mouth.
You have claws for feet.
You can fly continuously.
You are surrounded by a mild repulsion field. (EV +2)
You are agile. (Dex +2)
You possess an exceptional clarity of mind.
Your body sometimes deteriorates upon taking damage.


Message History

Unknown command.
You start waiting.
All of the chunks of flesh in your inventory have rotted away.
Done waiting.
You fly downwards.
The orc warrior closely misses you. You block the two-headed ogre's attack.
The two-headed ogre misses you. You block the iron troll's attack.
The iron troll closely misses you. The iron troll claws you.
The orc completely misses you. You block the two-headed ogre's attack.
The two-headed ogre barely misses you.
The orc knight roars a battlecry!
The orcs go into a battle-frenzy!
You block the iron troll's attack. x2; The iron troll completely misses you.
The orc warrior completely misses you. The iron troll bites you.
The iron troll completely misses you. The iron troll closely misses you.
There is a stone staircase leading up, spattered with blood here.
You block the orc's attack. You block the two-headed ogre's attack.
The two-headed ogre completely misses you.
The orc knight hits you with a +0 battleaxe.
The ettin misses you. The ettin completely misses you.
You block the two-headed ogre's attack. The two-headed ogre misses you.
The iron troll barely misses you. The iron troll claws you!
The iron troll closely misses you.
You fly upwards.
There is a stone staircase leading down, spattered with blood here.
The orc knight is struck by an arc of lightning.
You are struck by an arc of lightning.
The iron troll is struck by an arc of lightning!
The lightning grounds out.
The two-headed ogre is struck by an arc of lightning!
You are struck by an arc of lightning.
The orc is struck by an arc of lightning.
The two-headed ogre is struck by an arc of lightning!
The lightning grounds out.
You block the orc's attack. You block the orc warrior's attack.
The iron troll completely misses you. The iron troll claws you!
* * * LOW HITPOINT WARNING * * *
The iron troll completely misses you. The two-headed ogre misses you.
The two-headed ogre completely misses you.
The orc knight barely misses you. You block the ettin's attack.
The ettin closely misses you. The two-headed ogre closely misses you.
The two-headed ogre completely misses you.
Aim: an orc, wielding a +0 whip (moderately wounded, strong)
The air twists around and strikes the orc!
You kill the orc!
Vehumet accepts your kill.
You feel your power returning. You block the orc warrior's attack.
The iron troll bites you!!
* * * LOW HITPOINT WARNING * * *
You block the iron troll's attack. The iron troll claws you!!
You die...

#.........#.#..####.##
##........)∩...## ###
##.........#)#[..######
#......)..)[.......##.##
##............)........##
#........[[[....#.##...#
#...).[...........###.##
##.....oOT..........####
#......<@T.[..(....##
#......OCo)).8......#
##.#......8.....8...#
#......#............##
##...................##
#.......8...[)....8...##
#............).........#
##.................#..##
#.........8.....8..####


You could see 2 iron trolls, an orc knight, an ettin, 2 two-headed ogres and an
orc warrior (strong).

Vanquished Creatures
  A fire dragon (Lair:6)
  Harold (D:9)
  2 ogre magi (Orc:2)
  6 two-headed ogres
  An unseen horror (D:11)
  The ghost of smzp the Archer, a novice CeHu of Elyvilon (D:8)
  A necromancer (IceCv)
  A lindwurm (Lair:6)
  A wolf spider (Lair:6)
  2 ugly things (D:10)
  3 cyclopes (Orc:2)
  A manticore (D:11)
  7 black mambas
  6 elephants
  A guardian serpent (Lair:6)
  15 spiny frogs
  An ice statue (IceCv)
  5 torpor snails (Lair:6)
  2 rime drakes
  10 freezing wraiths (IceCv)
  5 komodo dragons
  A polar bear (Lair:4)
  A troll (shapeshifter) (D:11)
  9 trolls
  9 hornets
  Prince Ribbit (D:8)
  4 tyrant leeches (Lair:6)
  7 dream sheep (Lair:6)
  11 blink frogs
  A bog body (Lair:3)
  6 hippogriffs
  2 redbacks (Lair:6)
  A shadow (D:11)
  35 yaks
  11 wyverns
  6 hogs
  2 basilisks
  A human (D:9)
  Menkaure (D:4)
  4 swamp worms (Lair:3)
  A warg (Orc:2)
  2 nagas (Lair:4)
  10 porcupines
  24 water moccasins
  15 orc warriors
  8 ice beasts
  2 eyes of draining
  2 black bears (D:10)
  3 phantoms
  4 sky beasts
  An alligator simulacrum (IceCv)
  21 ogres
  A necrophage (D:5)
  6 centaurs
  4 crocodiles
  3 wolves (Lair:2)
  7 bullfrogs
  8 gnoll sergeants (Bailey)
  A wyvern zombie (D:10)
  A wyvern skeleton (D:11)
  3 scorpions
  11 wights
  9 howler monkeys
  An electric eel (Lair:3)
  A crimson imp (D:5)
  2 draconian simulacra (IceCv)
  2 jellies (D:10)
  A quasit (D:7)
  11 hounds
  5 centaur skeletons
  12 orc priests
  6 gnoll shamans (Bailey)
  16 orc wizards
  4 iguanas
  6 worker ants
  2 polar bear simulacra (IceCv)
  2 spriggan simulacra (IceCv)
  8 troll simulacra (IceCv)
  A wolf simulacrum (IceCv)
  2 killer bee zombies
  A centaur simulacrum (IceCv)
  A hound skeleton (D:9)
  2 howler monkey zombies
  A worker ant zombie (D:7)
  11 adders
  18 gnolls
  6 naga simulacra (IceCv)
  An ogre simulacrum (IceCv)
  4 shadow imps
  10 white imps (IceCv)
  3 oozes
  2 adder zombies
  3 worms
  2 dart slugs (D:5)
  3 leopard geckos
  65 orcs
  5 ball pythons
  A bat (D:2)
  6 giant cockroaches
  11 goblins
  6 hobgoblins
  7 jackals
  5 quokkas
  8 frilled lizards
  A jackal skeleton (D:5)
  10 kobolds
  A leopard gecko skeleton (D:6)
  A leopard gecko zombie (D:5)
  11 rats
  4 fungi (Lair:6)
  2 plants (Lair:6)
627 creatures vanquished.

Vanquished Creatures (collateral kills)
  Gastronok (Orc:1)
  Kirke (Lair:6)
  2 trolls (Orc:1)
  2 yaks
  An orc warrior (Orc:1)
  2 ice beasts (IceCv)
  3 ogres
  2 white imps (IceCv)
  An orc (Orc:1)
15 creatures vanquished.

Vanquished Creatures (others)
  A human (Lair:6)
  11 fungi
  27 plants
39 creatures vanquished.

Grand Total: 681 creatures vanquished

Notes
Turn   | Place    | Note
-------+----------+-------------------------------------------
     0 | D:1      | KyoPewz the Tengu Air Elementalist began the quest for the
                  | Orb.
     0 | D:1      | Reached XP level 1. HP: 10/10 MP: 4/4
   144 | D:1      | Reached XP level 2. HP: 15/15 MP: 0/6
   361 | D:1      | You fall into a shaft and drop 1 floor!
   532 | D:2      | Found a shadowy altar of Dithmenos.
   538 | D:2      | Found a glowing golden altar of the Shining One.
   539 | D:2      | Found a stormy altar of Qazlal.
   577 | D:2      | Reached XP level 3. HP: 12/19 MP: 1/7
   847 | D:1      | Reached skill level 5 in Air Magic
  1439 | D:2      | Reached XP level 4. HP: 13/24 MP: 5/8
  1661 | D:2      | Learned a level 3 spell: Static Discharge
  1666 | D:2      | Learned a level 4 spell: Airstrike
  2485 | D:3      | Gained mutation: You can fly continuously. [Tengu growth]
  2485 | D:3      | Reached XP level 5. HP: 28/28 MP: 4/10
  2488 | D:3      | Reached skill level 6 in Air Magic
  3210 | D:3      | Found a sparkling altar of Nemelex Xobeh.
  3621 | D:3      | Reached XP level 6. HP: 18/32 MP: 6/11
  4232 | D:4      | Reached skill level 7 in Air Magic
  4577 | D:4      | Found a staircase to the Ecumenical Temple.
  4580 | D:4      | Reached XP level 7. HP: 36/36 MP: 6/13
  4588 | Temple   | Entered the Ecumenical Temple
  4765 | Temple   | Became a worshipper of Vehumet
  4832 | D:4      | Noticed Menkaure
  4835 | D:4      | Killed Menkaure
  4835 | D:4      | Reached skill level 8 in Air Magic
  4945 | D:4      | Reached skill level 5 in Conjurations
  5380 | D:4      | Reached skill level 9 in Air Magic
  5508 | D:5      | Entered Level 5 of the Dungeon
  5529 | D:5      | Reached XP level 8. HP: 41/41 MP: 6/15
  6174 | D:5      | Reached skill level 10 in Air Magic
  6433 | D:5      | Reached skill level 5 in Spellcasting
  6551 | D:5      | Learned a level 5 spell: Lightning Bolt
  6631 | D:5      | Reached * piety under Vehumet
  6631 | D:5      | Offered knowledge of Magic Dart by Vehumet.
  6821 | D:5      | Learned a level 1 spell: Magic Dart
  6863 | D:5      | Found a sparkling altar of Nemelex Xobeh.
  6868 | D:5      | Reached XP level 9. HP: 45/45 MP: 8/18
  7245 | D:6      | Reached skill level 11 in Air Magic
  8395 | D:6      | Reached skill level 12 in Air Magic
  9224 | D:7      | Found a snail-covered altar of Cheibriados.
  9406 | D:7      | Offered knowledge of Foxfire by Vehumet.
  9685 | D:7      | Reached ** piety under Vehumet
  9788 | D:7      | Reached skill level 1 in Fighting
 10313 | D:8      | Found a transporter.
 10327 | D:8      | Found a transporter.
 10327 | D:8      | Noticed smzp's ghost (novice CeHu)
 10467 | D:8      | Noticed Prince Ribbit
 10472 | D:8      | Killed Prince Ribbit
 10472 | D:8      | Reached XP level 10. HP: 53/53 MP: 11/20
 10574 | D:8      | Got a smoking great sword
 10576 | D:8      | Identified the cursed +3 great sword of Culojid {drain,
                  | Str+8 Int+3} (You found it on level 8 of the Dungeon)
 10850 | D:8      | Found a sacrificial altar of Ru.
 11136 | D:8      | Found a basalt altar of Yredelemnul.
 11514 | D:8      | Killed smzp's ghost
 11884 | D:9      | Reached skill level 13 in Air Magic
 12035 | D:9      | Offered knowledge of Inner Flame by Vehumet.
 12773 | D:9      | Reached *** piety under Vehumet
 12773 | D:9      | Reached skill level 5 in Dodging
 13015 | D:9      | Noticed Harold
 13122 | D:9      | Found a shimmering blue altar of Sif Muna.
 13270 | D:9      | HP: 2/57 [Harold/+0 flail (10)]
 13271 | D:9      | Found a roughly hewn altar of Beogh.
 13271 | D:9      | Found a staircase to the Orcish Mines.
 13600 | D:9      | Offered knowledge of Conjure Flame by Vehumet.
 13877 | D:9      | Killed Harold
 13877 | D:9      | Reached skill level 5 in Fighting
 13877 | D:9      | Reached skill level 10 in Conjurations
 13877 | D:9      | Reached XP level 11. HP: 35/64 MP: 2/22
 14422 | D:9      | Learned a level 3 spell: Conjure Flame
 14799 | D:10     | Entered Level 10 of the Dungeon
 14946 | D:10     | Noticed a two-headed ogre
 15180 | D:10     | Reached **** piety under Vehumet
 15205 | D:10     | Found a transporter.
 15370 | D:10     | Offered knowledge of Ignite Poison by Vehumet.
 15781 | D:10     | Learned a level 4 spell: Summon Lightning Spire
 16025 | D:10     | Killed a two-headed ogre
 16170 | D:10     | Found a transporter.
 16329 | D:10     | Noticed a green ugly thing
 16421 | D:10     | Killed a green ugly thing
 17047 | D:11     | Reached skill level 14 in Air Magic
 17599 | D:11     | Noticed a white ugly thing
 17697 | D:10     | Killed a white ugly thing
 17697 | D:10     | Reached XP level 12. HP: 72/72 MP: 10/25
 18046 | D:11     | Found a staircase to the Lair.
 18465 | D:11     | Reached ***** piety under Vehumet
 18615 | Lair:1   | Entered Level 1 of the Lair of Beasts
 18676 | Lair:1   | Offered knowledge of Freezing Cloud by Vehumet.
 19825 | Lair:2   | Learned a level 6 spell: Freezing Cloud
 21020 | Lair:3   | Reached skill level 1 in Armour
 21020 | Lair:3   | Reached skill level 1 in Shields
 21567 | Lair:3   | Found a staircase to the Swamp.
 22329 | Lair:4   | Found a staircase to the Snake Pit.
 22883 | Lair:4   | Reached skill level 15 in Air Magic
 22887 | Lair:4   | Reached XP level 13. HP: 80/80 MP: 13/27
 23535 | Lair:4   | Found an ancient bone altar of Kikubaaqudgha.
 24543 | Lair:5   | Found a viscous altar of Jiyva.
 24543 | Lair:5   | Found a staircase to the Slime Pits.
 25246 | Lair:6   | Entered Level 6 of the Lair of Beasts
 25246 | Lair:6   | Noticed Kirke
 25283 | Lair:6   | Killed Kirke
 25533 | Lair:6   | Reached skill level 5 in Armour
 25988 | Lair:6   | Reached skill level 5 in Shields
 26407 | Lair:6   | Reached skill level 10 in Spellcasting
 27058 | Lair:6   | Offered knowledge of Irradiate by Vehumet.
 27371 | Lair:6   | Reached XP level 14. HP: 86/86 MP: 19/29
 27481 | Lair:6   | Found a runed translucent door.
 27965 | Lair:6   | Reached skill level 10 in Dodging
 28181 | Lair:6   | Identified Vyagegynk's Disquisition on Boosting
                  | Contamination
 28859 | Lair:6   | Paralysed by a hornet for 2 turns
 29427 | Orc:1    | Entered Level 1 of the Orcish Mines
 29427 | Orc:1    | Found a flagged portal.
 29427 | Orc:1    | Found Dimol's Antique Weapon Boutique.
 29437 | Orc:1    | Noticed Gastronok
 29444 | Bailey   | Entered a bailey
 30322 | Bailey   | Got a shimmering kite shield
 30333 | Bailey   | Identified the +0 kite shield of the Camelopard {rF+
                  | Regen+} (You found it in a bailey)
 30405 | Orc:1    | Killed Gastronok
 30690 | Orc:2    | Entered Level 2 of the Orcish Mines
 31102 | Orc:2    | Found a frozen archway.
 31111 | IceCv    | Entered an ice cave
 31963 | IceCv    | Found an ancient bone altar of Kikubaaqudgha.
 32387 | IceCv    | Offered knowledge of Fireball by Vehumet.
 32730 | IceCv    | Gained mutation: You possess an exceptional clarity of
                  | mind. [potion of mutation]
 32730 | IceCv    | Gained mutation: You are surrounded by a mild repulsion
                  | field. (EV +2) [potion of mutation]
 32730 | IceCv    | Gained mutation: Your body sometimes deteriorates upon
                  | taking damage. [potion of mutation]
 32730 | IceCv    | Gained mutation: You are agile. (Dex +2) [potion of
                  | mutation]
 32896 | IceCv    | Identified Yduiq's Volume of Cold
 33020 | Orc:2    | Reached skill level 10 in Shields
 33036 | Orc:2    | Reached XP level 15. HP: 64/90 MP: 6/31
 33047 | Orc:2    | Found a staircase to the Elven Halls.
 33237 | Orc:2    | Found Hiumiqasch's Food Shoppe.
 33244 | Orc:2    | Found Orchera Erghu's Assorted Antiques.
 33251 | Orc:2    | Found Nekeq's Gadget Boutique.
 33418 | Orc:1    | Learned a level 5 spell: Fireball
 33523 | Orc:1    | Mangled by an iron troll

Illustrated notes

Levels and vault maps discovered:
D:1:      eino_arrival_cavern_b, layout_rooms
D:2:      wad_crossroads, layout_basic, minitemple
D:3:      layout_basic, nemelex_xobeh_ov_fountains_minmay, first_ration
D:4:      layout_basic, minmay_temple_entry_fiery, uniq_menkaure
D:5:      layout_gridville, corexii_item_surrounded_by_moat,
          nemelex_dance_club_becter
D:6:      layout_basic
D:7:      layout_loops_ring, cheibriados_altar_1
D:8:      layout_basic, nicolae_ru_awakened_eye, gammafunk_ghost_arena,
          basic_altar, minmay_misc_feat_more_columns, uniq_prince_ribbit1
D:9:      layout_rooms, david_orc_5, grunt_livestock, grunt_ministairs_14,
          tgw_sif, uniq_harold
D:10:     gammafunk_jiyva_shrine, layout_irregular_city
D:11:     layout_grid_maze, lair_entry_dummy
Temple:   nicolae_temple_elliptical
Lair:1:   layout_chaotic_city
Lair:2:   layout_small_grid
Lair:3:   layout_loops_ring, nicolae_swamp_entry_splash_gauntlet
Lair:4:   layout_cave_pods, minmay_snake_entry_guardpost_small, basic_altar,
          beast_lair_carwin_8
Lair:5:   layout_cave_pods, dpeg_slime_entry_enclosed_altar
Lair:6:   hangedman_lair_tendril_chambers, layout_hall_layers, wormcave,
          infiniplex_staircase_pool_2, uniq_kirke
Orc:1:    layout_caves, enter_bailey_6, serial_shops, nicolae_shop_crystal,
          uniq_josephine, uniq_gastronok
Orc:2:    st_orc_open, layout_caves, portal_ice_cave_entry_pillars_1,
          minmay_orc_temple_b

Skill      XL: |  1  2  3  4  5  6  7  8  9 10 11 12 13 14 15 |
---------------+----------------------------------------------+-----
Conjurations   | 2 3 4 5 7 8 10 11 12 | 12.0
Air Magic      | 5 6 7 9 10 12 13 14 15 | 15.0
Spellcasting   | 3 4 5 6 7 8 9 10 11 | 11.0
Fighting       | 1 5 7 9 |  9.0
Dodging        | 3 6 7 9 10 | 10.3
Armour         | 3 6 7 |  7.9
Shields        | 3 6 10 11 | 11.1
Stealth        | |  2.0

Action                   |  1- 3 |  4- 6 |  7- 9 | 10-12 | 13-15 || total
-------------------------+-------+-------+-------+-------+-------++-------
Melee: Dagger            |    15 |    31 |       |       |       ||    46
       Peck              |     3 |     5 |     2 |     7 |    40 ||    57
       Kick              |     3 |    13 |     2 |    18 |    51 ||    87
       Rapier            |       |       |     9 |       |    33 ||    42
       Quarterstaff      |       |       |     3 |    13 |       ||    16
       Great sword       |       |       |       |    28 |    49 ||    77
 Cast: Shock             |    40 |   111 |   222 |   448 |   399 ||  1220
       Airstrike         |       |     6 |    56 |   178 |   203 ||   443
       Static Discharge  |       |       |       |    13 |    24 ||    37
       Lightning Bolt    |       |       |       |    12 |     8 ||    20
       Summon Lightning  |       |       |       |     4 |    12 ||    16
       Freezing Cloud    |       |       |       |       |    46 ||    46
 Abil: Fly               |       |       |       |     1 |     2 ||     3
       Stop Flying       |       |       |       |       |     2 ||     2
  Use: Scroll            |       |       |    10 |     9 |    11 ||    30
       Potion            |       |       |       |       |     5 ||     5
 Stab: Sleeping          |     1 |       |       |       |     1 ||     2
       Fleeing           |       |       |       |       |     1 ||     1
  Eat: Chunk             |     2 |    12 |    14 |    46 |    35 ||   109
       Ration            |       |       |     4 |     4 |     9 ||    17
Armor: Robe              |     2 |     5 |     2 |       |       ||     9
       Leather armour    |       |       |     5 |    30 |       ||    35
       Ring mail         |       |       |     2 |       |       ||     2
       Troll leather arm |       |       |       |     7 |    44 ||    51
Dodge: Dodged            |    10 |    29 |    35 |   179 |   386 ||   639
Block: Kite shield       |       |       |       |       |   128 ||   128
       Rpst.: Great sword |       |       |       |    26 |    56 ||    82
